 Dungeon Crawl Stone Soup version 0.27.1-33-g824d729ab1 (webtiles) character file.

Game seed: 17588281452649196960

3070 sking99 the Zephyrmancer (level 9, 0/71 HPs)
             Began as a Demigod Air Elementalist on Dec 10, 2021.
             Slain by a boulder beetle (15 damage)
             ... on level 7 of the Dungeon.
             The game lasted 00:24:19 (10526 turns).

sking99 the Zephyrmancer (DgAE)                    Turns: 10526, Time: 00:24:20

Health: 0/71       AC:  9    Str: 17    XL:     9   Next: 32%
Magic:  5/21       EV: 11    Int: 21    God:
Gold:   285        SH:  0    Dex: 14    Spells: 9/19 levels left

rFire    . . .     SeeInvis +   l - +1 dagger (drain)
rCold    . . .     Faith    .   (no shield)
rNeg     . . .     Spirit   .   A - +0 acid dragon scales
rPois    .         Reflect  .   (no helmet)
rElec    .         Harm     .   (no cloak)
rCorr    +         Rampage  .   c - +0 pair of gloves
Will     .....                  h - +1 pair of boots
Stlth    ++........             r - amulet of magic regeneration
HPRegen  0.21/turn              b - +4 ring of slaying
MPRegen  0.42/turn              o - ring of see invisible

@: no status effects
A: high mp 1, forlorn
a: no special abilities


You were on level 7 of the Dungeon.
You visited 1 branch of the dungeon, and saw 8 of its levels.

You collected 285 gold pieces.

Inventory:

Hand Weapons
 l - a +1 dagger of draining (weapon)
Missiles
 f - 2 throwing nets
Armour
 c - a +0 pair of gloves (worn)
 h - a +1 pair of boots (worn)
 x - +0 steam dragon scales
 A - +0 acid dragon scales (worn)
Magical Staves
 m - a staff of fire
Jewellery
 b - a +4 ring of slaying (left hand)
 o - a ring of see invisible (right hand)
 r - an amulet of magic regeneration (around neck)
Wands
 s - a wand of digging (3)
Scrolls
 a - a scroll of fog {unknown}
 j - a scroll of summoning {unknown}
 p - 3 scrolls of identify
 q - 3 scrolls of teleportation
 t - a scroll of brand weapon
 u - a scroll of torment {unknown}
 v - a scroll of amnesia {unknown}
 w - a scroll of fear {unknown}
 y - a scroll of enchant weapon {unknown}
Potions
 d - 2 potions of heal wounds {unknown}
 e - a potion of attraction {unknown}
 g - 3 potions of brilliance
 i - 7 potions of curing
 k - 2 potions of haste
 n - a potion of ambrosia {unknown}
 z - a potion of mutation {unknown}


   Skills:
 + Level 4.1 Fighting
 + Level 1.9 Dodging
 - Level 1.9 Stealth
 - Level 5.5 Spellcasting
 + Level 5.7 Conjurations
 * Level 8.6 Air Magic


You had 9 spell levels left.
You knew the following spells:

 Your Spells              Type           Power      Damage    Failure   Level
a - Shock                 Conj/Air       100%       1d9       1%          1
b - Airstrike             Air            20%        N/A       4%          4
c - Static Discharge      Conj/Air       35%        N/A       1%          2
z - Swiftness             Air            41%        N/A       1%          3

Your spell library contained the following spells:

 Spells                   Type           Power      Damage    Failure   Level
 Stone Arrow              Conj/Erth      34%        3d9       13%         3
 Summon Guardian Golem    Hex/Summ       5%         N/A       38%         3
 Sticky Flame             Conj/Fire      17%        2d4       41%         4
 Animate Armour           Summ/Erth      10%        N/A       80%         4
 Dispel Undead            Necr           5%         3d7       80%         4
 Orb of Destruction       Conj           14%        9d7       100%        7
 Spellforged Servitor     Conj/Summ      8%         N/A       100%        7
 Lehudib's Crystal Spear  Conj/Erth      8%         10d4      100%        8


Dungeon Overview and Level Annotations

Branches:
Dungeon (8/15)             Temple (0/1) D:6
   Lair: D:8-11

Shops:
D:3 =

Annotations:
D:4 3 runed translucent doors, diceflayer's ghost, amateur MiFi
D:8 Erica; Joseph


Innate Abilities, Weirdness & Mutations

Your attributes grow dramatically as you level up.
You have an increased reservoir of magic. (+10% MP)
You shall have no god before yourself.


Message History

The boulder beetle stops rolling and uncurls.
Unknown command.
Casting: Airstrike (dangerous; 4% risk of failure)
Confirm with . or Enter, or press ? or * to list all spells.
Aiming: Airstrike (dangerous; 4% risk of failure)
Press: ? - help, Dir - move target, f/p - boulder beetle
Aim: a boulder beetle (lightly wounded)
The air twists around and strikes the boulder beetle but does no damage.
The boulder beetle bites you!!
Casting: Airstrike (dangerous; 4% risk of failure)
Confirm with . or Enter, or press ? or * to list all spells.
Aiming: Airstrike (dangerous; 4% risk of failure)
Press: ? - help, Dir - move target, f/p - boulder beetle
Aim: a boulder beetle (lightly wounded)
The air twists around and strikes the boulder beetle but does no damage.
The boulder beetle bites you.
Unknown command.
Casting: Airstrike (dangerous; 4% risk of failure)
Confirm with . or Enter, or press ? or * to list all spells.
You don't have enough magic to cast this spell.
Unknown command.
You hit the boulder beetle but do no damage.
You drain the boulder beetle.
The boulder beetle is lightly wounded.
The boulder beetle misses you.
You hit the boulder beetle but do no damage.
The boulder beetle is lightly wounded.
The boulder beetle bites you!!
You hit the boulder beetle but do no damage.
The boulder beetle is lightly wounded.
The boulder beetle bites you!
* * * LOW HITPOINT WARNING * * *
Unknown command.
You hit the boulder beetle but do no damage.
The boulder beetle is lightly wounded.
The boulder beetle barely misses you.
You hit the boulder beetle but do no damage.
The boulder beetle is lightly wounded.
The boulder beetle bites you!
You die...

###.............####.)........
#..............##(..........
##.......##....#....##>.....
#.....####.......#.........
#......##..#.....#(........
###....##..##..............
##.......##...####.)..... #####
##........................ ..#.#
##........@........###.#...
....###.........#B......## ###...
......##.................####....
)...#......................###...
##'#......#............##........
...#...#..##.##...^....#.........
##.###.##...........#......B.....
...#.#..#..........##......).....
_..'....#.......###.........<....


You could see a boulder beetle (drained).

Vanquished Creatures
  A gargoyle (D:6)
  2 hornets
  Sigmund (D:3)
  A shadow (D:5)
  A steam dragon (D:7)
  An acid dragon (D:8)
  A water moccasin (D:7)
  An orc warrior (D:6)
  2 black bears
  An ogre (D:5)
  4 centaurs
  A phantom (D:6)
  A kobold brigand (D:7)
  2 bullfrogs
  3 scorpions
  A centaur zombie (D:6)
  3 orc priests (D:4)
  2 bullfrog zombies
  3 hounds
  A jelly (D:4)
  An iguana (D:7)
  Terence (D:2)
  An orc wizard (D:4)
  A scorpion zombie (D:5)
  A hound skeleton (D:4)
  5 gnolls
  5 adders
  2 white imps
  2 adder skeletons
  2 dart slugs
  16 orcs
  2 bat zombies (D:5)
  7 endoplasms
  5 giant cockroaches
  9 goblins
  13 hobgoblins
  6 jackals
  3 quokkas
  6 ball pythons
  5 bats
  4 frilled lizards
  12 kobolds
  3 rats (D:3)
  A rat zombie (D:5)
146 creatures vanquished.

Notes
Turn   | Place    | Note
-------+----------+-------------------------------------------
     0 | D:1      | sking99 the Demigod Air Elementalist began the quest for
                  | the Orb.
     0 | D:1      | Reached XP level 1. HP: 14/14 MP: 5/5
   282 | D:1      | Reached skill level 1 in Conjurations
   695 | D:1      | Reached XP level 2. HP: 20/20 MP: 4/7
  1326 | D:2      | Learned a level 2 spell: Static Discharge
  1392 | D:2      | Reached skill level 3 in Air Magic
  1892 | D:2      | Reached XP level 3. HP: 26/26 MP: 4/8
  2316 | D:2      | Noticed Terence
  2329 | D:2      | Killed Terence
  2574 | D:3      | Learned a level 3 spell: Swiftness
  2581 | D:3      | Reached XP level 4. HP: 33/33 MP: 4/10
  3195 | D:3      | Noticed Sigmund
  3212 | D:3      | Killed Sigmund
  3213 | D:3      | Reached skill level 4 in Air Magic
  3213 | D:3      | Reached XP level 5. HP: 6/38 MP: 1/12
  3788 | D:3      | Found Gerphukk's Jewellery Shop.
  4179 | D:4      | Reached XP level 6. HP: 43/45 MP: 6/13
  4333 | D:4      | Found a runed translucent gate.
  4367 | D:4      | Found a runed translucent gate.
  4369 | D:4      | Found a runed translucent gate.
  4371 | D:4      | Noticed diceflayer's ghost (amateur MiFi)
  4562 | D:4      | Reached skill level 5 in Air Magic
  5321 | D:4      | Reached XP level 7. HP: 39/50 MP: 11/15
  5685 | D:5      | Entered Level 5 of the Dungeon
  5771 | D:4      | Learned a level 4 spell: Airstrike
  6186 | D:5      | Reached skill level 6 in Air Magic
  6512 | D:5      | Reached skill level 1 in Fighting
  6800 | D:5      | Identified the +2 mace "Veheujos" {distort, Str+2}
  7238 | D:6      | Noticed a shadow
  7255 | D:5      | Killed a shadow
  7763 | D:5      | Reached XP level 8. HP: 44/61 MP: 7/17
  8175 | D:6      | Reached skill level 7 in Air Magic
  8236 | D:6      | Noticed a hornet
  8240 | D:6      | Killed a hornet
  8321 | D:6      | Found a staircase to the Ecumenical Temple.
  8504 | D:6      | Noticed a gargoyle
  8526 | D:6      | Killed a gargoyle
  8527 | D:6      | Reached skill level 5 in Conjurations
  8857 | D:6      | Reached skill level 5 in Spellcasting
  9040 | D:7      | Reached skill level 8 in Air Magic
  9040 | D:7      | Reached XP level 9. HP: 61/70 MP: 5/20
 10030 | D:8      | Noticed Joseph
 10031 | D:8      | Noticed Erica
 10298 | D:8      | Noticed a boulder beetle
 10526 | D:7      | Slain by a boulder beetle

Illustrated notes

Levels and vault maps discovered:
D:1:      dpeg_arrival_arbitrary_b, layout_basic,
          hellmonk_ecumenical_altar_blasted, glass_columns_b
D:2:      layout_basic, kennysheep_nub, uniq_terence
D:3:      layout_loops_ring, serial_shops, nicolae_shop_trees, moated_statue,
          grunt_ministairs_7, st_stairs_12, kennysheep_donut,
          kennysheep_decorative_pillar, uniq_sigmund
D:4:      layout_loops_corners, gammafunk_ghost_necromancy, dk_noncrumbling_4,
          sigmund_army
D:5:      layout_basic, trog_hazing_becter, lemuel_zombie_altar_kikubaaqudgha
D:6:      layout_cave_pools, nicolae_qazlal_scattered_showers,
          fedhas_altar_fruit_tree, minmay_temple_entry_stoned_glass
D:7:      layout_cave_pools, mainiacjoe_overflow_tiny_flanked,
          mainiacjoe_overflow_six_doors_small
D:8:      layout_basic, grunt_dithmenos_shadows, mainiacjoe_overflow_alcove_1,
          minmay_lair_entry_lava, uniq_erica, uniq_joseph

Skill      XL: |  1  2  3  4  5  6  7  8  9 |
---------------+----------------------------+-----
Conjurations   | 1 2 3 4 5 |  5.7
Spellcasting   | 2 3 4 5 |  5.5
Air Magic      | 3 4 5 6 8 |  8.6
Fighting       | 2 3 4 |  4.1
Dodging        | |  1.9
Stealth        | |  1.9

Action                   |  1- 3 |  4- 6 |  7- 9 || total
-------------------------+-------+-------+-------++-------
Melee: Unarmed           |     2 |       |       ||     2
       Dagger            |       |     7 |    21 ||    28
 Cast: Shock             |   108 |   141 |   108 ||   357
       Static Discharge  |       |       |     3 ||     3
       Airstrike         |       |       |    68 ||    68
  Use: Scroll            |       |     5 |     4 ||     9
 Stab: Sleeping          |       |       |     1 ||     1
Armor: Robe              |    21 |     6 |    19 ||    46
       Acid dragon scale |       |       |     4 ||     4
Dodge: Dodged            |    38 |    22 |    55 ||   115
